 Dungeon Crawl Stone Soup version 0.25.0-11-g1f837a76a1 (webtiles) character file.

Game seed: 16895358664613636636

68 lepoulpe303 the Skirmisher (level 4, -2/60 HPs)
             Began as a Hill Orc Fighter on June 25, 2020.
             Slain by a worm (7 damage)
             ... on level 2 of the Dungeon.
             The game lasted 00:02:04 (1044 turns).

lepoulpe303 the Skirmisher (Hill Orc Fighter)       Turns: 1044, Time: 00:02:05

Health: -2/60      AC: 22    Str: 19    XL:     4   Next: 19%
Magic:  4/4        EV:  2    Int:  8    God:
Gold:   43         SH:  9    Dex: 10    Spells: 3/3 levels left

rFire    . . .     SeeInvis .   a - +0 war axe
rCold    . . .     Gourm    .   c - +0 kite shield
rNeg     + + +     Faith    .   (armour currently unavailable)
rPois    +         Spirit   .   (helmet currently unavailable)
rElec    .         Reflect  .   (cloak currently unavailable)
rCorr    .         Harm     .   (gloves currently unavailable)
MR       .....     NoTele   +   (boots currently unavailable)
Stlth    +.........             (no amulet)
HPRegen  0.20/turn              (no ring)
MPRegen  0.09/turn              (no ring)

@: lethally poisoned (-2 -> -5), tree-form
A: no striking features
a: no special abilities


You were on level 2 of the Dungeon.
You were not hungry.
You were a tree.
You visited 1 branch of the dungeon, and saw 2 of its levels.

You collected 43 gold pieces.

Inventory:

Hand Weapons
 a - a +0 war axe (weapon)
Armour
 b - a +0 scale mail (melded)
 c - a +0 kite shield (worn)
Scrolls
 f - a scroll of blinking {unknown}
 h - a scroll of amnesia {unknown}
 j - 2 scrolls of identify {unknown}
Potions
 d - 2 potions of might
 i - a potion of heal wounds {unknown}
 k - a potion of invisibility {unknown}
 l - a potion of flight {unknown}
Comestibles
 e - 5 rations


   Skills:
 + Level 4.1 Fighting
 * Level 3.9 Axes
 + Level 3.8 Armour
 + Level 0.8 Dodging
 + Level 3.7 Shields


You had 3 spell levels left.
You didn't know any spells.
Your spell library was empty.

Dungeon Overview and Level Annotations

Branches:
Dungeon (2/15)

Altars:


Message History

* * * LOW HITPOINT WARNING * * *
The adder bites you but does no damage.
You take 9 damage, and have 6/40 hp.
MASSIVE DAMAGE!!
Really quaff
g - a potion of lignification {!q}?
Really quaff the potion of lignification?
You turn into a tree.
Your +0 scale mail melds into your body.
Your roots penetrate the ground.
You feel sick. The adder bites you but does no damage.
You now have 8/60 hp.
You closely miss the adder. You hit the worm but do no damage.
The adder bites you.
* * * LOW HITPOINT WARNING * * *
The worm bites you but does no damage. You block the adder's attack.
You take 2 damage, and have 6/60 hp.
You slash the adder!
You kill the adder!
You barely miss the worm.
You feel sick. The worm bites you!
You die...

. .. .###. . ....
.. ♣♣ #.( .. ♣♣.
#.♣ .♣ ♣♣..# ###.♣
.♣♣
.♣♣....###...♣PP.♣♣
....?...##.#÷.♣P..♣
......†♣##.<...♣
..##..w....#...♣
#......##♣♣♣P.♣
..........♣ .P.♣
........#.#♣ P ♣
..8#.......
..##.......♣
............
....(...#..


You could see a worm.

Levels and vault maps discovered:
D:1:      dpeg_arrival_tiny_c, layout_basic, minmay_nonomino_d4
D:2:      layout_rooms, serial_forest, infiniplex_forest_split,
          infiniplex_forest_clump_long, infiniplex_forest_corner_2,
          infiniplex_forest_clump_medium, infiniplex_forest_lined_3_way,
          first_ration, st_stairs_6, hangedman_decor_clover_reticule,
          guppyfry_early_lair_pool, uniq_natasha, uniq_robin

Notes
Turn   | Place    | Note
-------+----------+-------------------------------------------
     0 | D:1      | lepoulpe303 the Hill Orc Fighter began the quest for the
                  | Orb.
     0 | D:1      | Reached XP level 1. HP: 19/19 MP: 1/1
    82 | D:1      | Identified a +0 club
    83 | D:1      | Identified a +0 club
    84 | D:1      | Reached skill level 3 in Axes
    88 | D:1      | Reached XP level 2. HP: 27/27 MP: 2/2
   101 | D:1      | Identified a +0 club
   144 | D:1      | Identified a +0 club
   218 | D:1      | Identified a +0 whip
   219 | D:1      | Reached XP level 3. HP: 33/33 MP: 3/3
   720 | D:1      | HP: 8/33 [adder (4)]
   721 | D:1      | Identified 2 potions of lignification
   723 | D:1      | Reached skill level 4 in Fighting
   725 | D:1      | HP: 6/49 [poisoned by an adder]
   733 | D:1      | HP: 5/49 [poisoned by an adder]
   741 | D:1      | HP: 4/49 [poisoned by an adder]
  1035 | D:2      | Reached XP level 4. HP: 24/40 MP: 4/4
  1041 | D:2      | HP: 10/40 [adder (4)]
  1044 | D:2      | Slain by a worm

Table legend:
 A = Turns spent in this place as a percentage of turns spent in the entire game.
 B = Non-inter-level travel turns spent in this place as a percentage of non-inter-level travel turns spent in the entire game.
 C = Inter-level travel turns spent in this place as a percentage of turns spent in this place.
 D = Turns resting spent in this place as a percentage of non-inter-level travel turns spent in this place.
 E = Turns spent auto-exploring this place as a percentage of non-inter-level travel turns spent in this place.
 F = Non-inter-level travel turns spent in this place divided by the number of levels of this place that you've seen.
                   A       B       C       D       E      F
               +-------+-------+-------+-------+-------+----------------------
         Total | 100.0 | 100.0 |   0.2 |  27.0 |  57.2 | 521.0
       Dungeon | 100.0 | 100.0 |   0.2 |  27.0 |  57.2 | 521.0
               +-------+-------+-------+-------+-------+----------------------

Table legend:
 A = Kills in this place as a percentage of kills in entire the game.
 B = Kills by you in this place as a percentage of kills by you in the entire game.
 C = Kills by friends in this place as a percentage of kills by friends in the entire game.
 D = Other kills in this place as a percentage of other kills in the entire game.
 E = Experience gained in this place as a percentage of experience gained in the entire game.
 F = Experience gained in this place divided by the number of levels of this place that you have seen.
                   A       B       C       D       E      F
               +-------+-------+-------+-------+-------+----------------------
         Total | 100.0 | 100.0 |   N/A |   N/A | 100.0 |  49.0
       Dungeon | 100.0 | 100.0 |   N/A |   N/A | 100.0 |  49.0
               +-------+-------+-------+-------+-------+----------------------

Skill      XL: |  1  2  3 |
---------------+----------+-----
Axes           | 3 |  3.9
Fighting       | 4 |  4.1
Armour         | |  3.8
Dodging        | |  0.8
Shields        | |  3.7

Action                   |  1- 3 |  4- 6 || total
-------------------------+-------+-------++-------
Melee: War axe           |    80 |     8 ||    88
  Use: Potion            |     1 |     1 ||     2
  Eat: Chunk             |     1 |       ||     1
Armor: Scale mail        |    51 |    14 ||    65
       Skin              |     4 |     2 ||     6
Dodge: Dodged            |    28 |     4 ||    32
Block: Kite shield       |    37 |     4 ||    41

Vanquished Creatures
  3 adders
  2 dart slugs
  2 leopard geckos
  A ball python (D:2)
  4 bats (D:1)
  2 giant cockroaches (D:1)
  3 goblins (D:1)
  4 hobgoblins
  3 jackals (D:1)
  A kobold (D:1)
  2 frilled lizards (D:1)
  8 rats (D:1)
35 creatures vanquished.
